AoeStats
← Codeblue

Nomad

510664448Analyzed
3v3 RM · 13h ago on Oct 2, 2026· 46m 49s· 6 players
Game mode
Random Map
Map size
210×210
Population
200
Speed
Normal
Resources
Standard
Victory
Conquest
Starting age
Dark Age
Ending age
Imperial Age
RankedLock teamsTeams togetherTeam positionsShared explorationLock speedFull tech treeHidden civsTurbo modeCheats
Victory
Defeat
🇺🇸 Huns · United States
1180
+13
🇺🇸 Byzantines · United States
1177
+13
🇺🇸 Vietnamese · United States
1166
+14
🇦🇷 Turks · Argentina
1133
-14
🇨🇴 Burmese · Colombia
1122
-14
🇲🇽 Spanish · Mexico
1087
-12
[GDL] Doña Pelos
3:54 Loom
14:26 Feudal Age
20:40 Castle Age
21:09 Fletching
21:14 Double-Bit Axe
23:53 Fishing Lines
33:07 Bloodlines
36:53 Scale Barding Armor
39:19 Forging
41:56 Redemption
43:28 Wheelbarrow
44:54 Gillnets
45:31 Bow Saw
46:00 Horse Collar
mikele
6:10 Loom
14:23 Feudal Age
21:26 Castle Age
19:55 Stone Mining
23:22 Scale Barding Armor
23:54 Forging
25:19 Chain Barding Armor
25:11 Husbandry
27:36 Gold Mining
29:06 Fletching
31:18 Horse Collar
35:29 Bodkin Arrow
35:37 Padded Archer Armor
38:12 Iron Casting
42:36 Bloodlines
41:46 Light Cavalry
46:01 Imperial Age
Jim_Raynor
5:39 Loom
14:48 Feudal Age
19:39 Castle Age
17:30 Double-Bit Axe
17:26 Horse Collar
17:53 Fishing Lines
18:11 Fishing Lines
20:13 Bloodlines
22:11 Wheelbarrow
21:42 Husbandry
21:50 Scale Barding Armor
21:51 Town Watch
22:35 Gold Mining
26:02 Thumb Ring
25:49 Fletching
26:00 Padded Archer Armor
28:40 Leather Archer Armor
31:27 Ballistics
34:05 Imperial Age
32:06 Bodkin Arrow
31:54 Treadmill Crane
32:10 Murder Holes
35:02 Chain Barding Armor
34:55 Forging
35:23 Gold Shaft Mining
37:35 Iron Casting
41:01 Ring Archer Armor
43:09 Bracer
44:07 Conscription
45:00 Blast Furnace
45:09 Plate Barding Armor
45:39 Heavy Cavalry Archer
46:54 Parthian Tactics
Codeblue
10:22 Loom
14:10 Feudal Age
15:30 Fishing Lines
19:42 Castle Age
18:10 Double-Bit Axe
20:51 Gillnets
23:32 Bow Saw
24:13 Fletching
29:08 Elite Skirmisher
31:56 Wheelbarrow
31:45 Stone Mining
31:47 Gold Mining
35:29 Imperial Age
33:35 Bodkin Arrow
34:39 Medium Warships
37:14 Chemistry
37:31 Thumb Ring
37:33 Padded Archer Armor
37:43 Imperial Skirmisher
38:30 Bracer
39:48 Ballistics
40:10 Leather Archer Armor
45:30 Conscription
45:22 Logistica
45:17 Husbandry
47:07 Scale Barding Armor
47:13 Forging
Cumstain
2:55 Loom
14:27 Feudal Age
18:23 Castle Age
16:39 Gold Mining
16:57 Double-Bit Axe
17:13 Fletching
19:51 Bow Saw
25:18 Wheelbarrow
27:18 Bodkin Arrow
27:23 Padded Archer Armor
29:18 Gold Shaft Mining
29:50 Ballistics
30:30 Hand Cart
30:03 Fishing Lines
30:39 Horse Collar
32:01 Gillnets
36:58 Imperial Age
35:12 Forging
35:07 Scale Barding Armor
36:44 Bloodlines
36:35 Husbandry
36:47 Stone Mining
38:20 Iron Casting
38:19 Heavy Plow
37:54 Cavalier
39:50 Chain Barding Armor
40:30 Blast Furnace
41:35 Conscription
43:04 Paladin
45:05 Plate Barding Armor
WiilllChRisISTOXXIC
4:22 Loom
14:21 Feudal Age
18:19 Castle Age
16:44 Double-Bit Axe
17:25 Fishing Lines
17:47 Stone Mining
20:09 Bow Saw
20:37 Stone Shaft Mining
24:06 Gold Mining
24:33 Fletching
26:00 Wheelbarrow
28:27 Horse Collar
29:13 Ballistics
30:00 Hand Cart
32:39 Bodkin Arrow
36:50 Imperial Age
37:02 Padded Archer Armor
37:20 Elite Rattan Archer
38:22 Paper Money
40:08 Paper Money
40:49 Bracer
44:37 Two-Man Saw
45:19 Chemistry
Connection lost

Rejoining the realm…

Still unreachable

The connection could not be restored.

Session expired

The server has moved on; the page needs a fresh start.